cohdb
Replays
Latest Replays
All Replays
Popular Replays
Top Player Replays
Match Explorer
How It Works
Community
CoH3 Stats
Reddit
Sign in to upload your games and track your stats! →
Sign in with Steam
Match 43112032
Unlisted
Match 43112032
Overview
Messages
Build Orders
End
Panzerpioneer Squad
Panzergrenadier Squad
250 Light Carrier
Construct Light Support Kompanie
Selects Panzerjäger Kommand Battlegroup
MG34 Team
Selects GrB 39 Grenade Launcher Requisition
Combat Half-tracks
2.5-tonne Medical Truck
Fire Support Elements
Pak 38 Mechanized Group
Construct Mechanized Kompanie
Panzerpioneer Squad
254 Reconnaissance Tractor
Panzergrenadier Squad
Veteran Squad Leaders
Selects Mine Fields
Construct Panzerarmee Kommand
Flak 36 Anti-tank Gun Team
Walking Stuka Rocket Launcher
Pak 38 Mechanized Group
Selects Defensive Positions
Selects Butterfly Bomb Drop
Butterfly Bomb Drop
Vehicle Survival Package
Emergency Repair Kits
Butterfly Bomb Drop
Ra11
DangerouslyDumb
Ooga Boogatti
aSIINiedi
A2O
Dark Angels
CalmSassarShow
rune41
0
0
Comments
sign in to comment!
No comments posted yet!